![]() |
![]() |
![]() |
html PUBLIC "-//W3C//DTD XHTML 1.0 Transitional//EN" "http://www.w3.org/TR/xhtml1/DTD/xhtml1-transitional.dtd">
BANFF WOLVES vs SACRAMENTO BANDITSCreated - 16 mars 2025 at 23:05
1st period
1. BANFF WOLVES , Quinton Hughes 10 (Joel Eriksson Ek 32, Brad Marchand 20) at 1:27 (PP)
Penalties :
Josh Anderson (SAC) for Roughing (Minor) at 0:11, Antti Tuomisto (SAC) for Hooking (Minor) at 11:26, Zach Bogosian (SAC) for High sticking (Minor) at 15:32
2nd period
2. BANFF WOLVES , Quinton Hughes 11 (Elias Lindholm 27, Mats Zuccarello 38) at 4:17 (PP)
3. BANFF WOLVES , Joel Eriksson Ek 29 (Nick Leddy 8, Quinton Hughes 49) at 4:59 (PP) 4. BANFF WOLVES , Joel Eriksson Ek 30 (Roman Josi 38) at 7:07 5. BANFF WOLVES , Joel Eriksson Ek 31 (Quinton Hughes 50) at 8:06 6. BANFF WOLVES , Drake Batherson 12 (Quinton Hughes 51, Jason Dickinson 13) at 12:50 7. BANFF WOLVES , Roope Hintz 12 (Miro Heiskanen 20, Quinton Hughes 52) at 13:37 8. SACRAMENTO BANDITS , Anthony Beauvillier 13 (William Wallinder 1, Jakob Silfverberg 19) at 18:14 Penalties :
Antti Tuomisto (SAC) for Interference (Minor) at 2:50, Luke Schenn (SAC) for Hooking (Minor) at 3:00, Luke Schenn (SAC) for Interference (Minor) at 10:01
3rd period
9. BANFF WOLVES , J.T. Compher 13 (Miro Heiskanen 21, Quinton Hughes 53) at 9:38
Penalties :
Luke Schenn (SAC) for Hooking (Minor) at 5:38, Mark Giordano (BAN) for Slashing (Minor) at 12:48
Goalie StatsJoey Daccord (BAN), 14 saves from 15 shots - (0,933), W, 6-2-1, 60:00 minutes
Daniel Vladar (SAC), 28 saves from 31 shots - (0,903), 31:54 minutes
Louis Domingue (SAC), 24 saves from 29 shots - (0,828), L, 0-7-0, 28:06 minutes Players Stats for BANFF WOLVESPlayer Name G A P +/- PIM S H SB GA TA FO MP PP MP PK MP ------------------------------------------------------------------------------------ Adam Henrique 0 0 0 0 0 8 0 0 0 0 11/19 17:43 6:06 1:02 Brad Marchand 0 1 1 2 0 4 2 0 0 0 2/5 23:20 6:06 0:00 Casey Cizikas 0 0 0 0 0 1 0 0 0 0 5/5 4:00 0:00 0:38 Dawson Mercer 0 0 0 0 0 0 0 0 0 0 0/0 3:22 0:00 0:00 Drake Batherson 1 0 1 0 0 3 0 0 0 0 0/0 15:50 5:15 0:00 Elias Lindholm 0 1 1 2 0 4 1 1 0 0 19/24 20:44 5:15 0:00 Ian Cole 0 0 0 -1 0 0 0 0 0 0 0/0 11:14 0:00 0:38 J.T. Compher 1 0 1 2 0 6 0 0 0 0 0/1 16:50 0:00 1:21 Jason Dickinson 0 1 1 0 0 4 1 1 0 0 2/4 11:13 0:00 0:38 Joel Eriksson Ek 3 1 4 2 0 9 6 0 0 0 24/34 23:20 6:06 0:00 Mark Giordano 0 0 0 -1 2 0 0 1 0 0 0/0 10:35 0:00 0:00 Mats Zuccarello 0 1 1 2 0 7 0 0 0 0 1/1 22:48 5:15 0:19 Miro Heiskanen 0 2 2 4 0 1 0 1 0 0 0/0 15:59 0:00 0:00 Nick Leddy 0 1 1 1 0 0 1 1 0 0 0/0 26:16 6:06 1:21 Quinton Hughes 2 5 7 4 0 5 0 0 0 0 0/0 23:59 6:06 0:38 Roman Josi 0 1 1 1 0 4 2 0 0 0 0/0 26:41 5:15 1:21 Roope Hintz 1 0 1 2 0 4 0 0 0 0 1/1 20:44 5:15 0:00 Valtteri Puustinen 0 0 0 0 0 0 0 0 0 0 0/0 3:22 0:00 0:00 Players Stats for SACRAMENTO BANDITSPlayer Name G A P +/- PIM S H SB GA TA FO MP PP MP PK MP ------------------------------------------------------------------------------------ Adam Gaudette 0 0 0 -1 0 0 0 0 0 0 4/14 11:21 0:00 0:40 Anthony Beauvillier 1 0 1 -1 0 3 0 1 0 0 5/18 13:05 0:00 0:24 Antti Tuomisto 0 0 0 0 4 0 4 1 0 0 0/0 23:09 1:59 4:00 Blake Wheeler 0 0 0 0 0 0 0 2 0 0 13/37 23:13 1:59 5:56 Corey Perry 0 0 0 0 0 3 1 1 0 0 0/2 22:53 1:59 5:36 Danil Gushchin 0 0 0 -1 0 1 0 1 0 0 0/0 10:41 0:00 0:00 Dominik Kubalik 0 0 0 -1 0 1 0 0 0 0 0/0 12:41 0:00 0:00 Drake Caggiula 0 0 0 -2 0 0 0 0 0 0 0/0 8:00 0:00 0:00 Fredrik Karlstrom 0 0 0 -2 0 0 0 0 0 0 6/13 9:25 0:00 1:25 Jakob Silfverberg 0 1 1 -1 0 2 0 0 0 0 0/0 17:02 0:00 4:21 Josh Anderson 0 0 0 0 2 3 2 1 0 0 1/8 20:35 1:59 3:19 Julien Gauthier 0 0 0 -2 0 1 0 1 0 0 0/0 8:00 0:00 0:00 Luke Schenn 0 0 0 -3 6 0 5 4 0 0 0/0 19:59 0:00 2:43 Matthew Knies 0 0 0 -1 0 1 1 0 0 0 0/2 10:41 0:00 0:00 Radim Simek 0 0 0 -1 0 0 0 2 0 0 0/0 12:36 0:00 0:26 Reilly Walsh 0 0 0 -1 0 0 0 0 0 0 0/0 17:17 0:00 5:07 William Wallinder 0 1 1 0 0 0 2 1 0 0 0/0 23:01 1:59 3:50 Zach Bogosian 0 0 0 -3 2 0 2 0 0 0 0/0 23:36 0:00 6:19 3 Stars
1 - Quinton Hughes (BAN)
2 - Joel Eriksson Ek (BAN) 3 - Miro Heiskanen (BAN) Power PlayBANFF WOLVES - 3 on 7 Attempt(s) - 42,86%
SACRAMENTO BANDITS - 0 on 1 Attempt(s) - 0,00%
Penalty KillBANFF WOLVES - 1 on 1 Attempt(s) - 100,00%
- Score 0 goal in Penalty Kill
SACRAMENTO BANDITS - 4 on 7 Attempt(s) - 57,14%
- Score 0 goal in Penalty Kill
Team StatBANFF WOLVES - Hits : 13 - Faceoff Wins : 65 - Blocked Shots : 5 - Penalty Minutes : 2
SACRAMENTO BANDITS - Hits : 17 - Faceoff Wins : 29 - Blocked Shots : 15 - Penalty Minutes : 14
Official
Referees : Garrett Rank and Mike Campbell
Linesman : Brandon Gawryletz and Pierre Racicot Game Notes
Joel Eriksson Ek has scored a Hat Trick!
Daniel Vladar enters game at 8:06 of 2nd period FinanceLevel 1 -- Attendance: 6205 (100,00%) -- Ticket Income 992 800 $Level 2 -- Attendance: 4359 (82,56%) -- Ticket Income 610 260 $ Level 3 -- Attendance: 1725 (80,80%) -- Ticket Income 207 000 $ Level 4 -- Attendance: 3169 (74,04%) -- Ticket Income 285 210 $ Luxury Box -- Attendance: 1010 (100,00%) -- Ticket Income 303 000 $ Game was played at the Sacramento Center Palace. Total Attendance: 16468 (87,09%) Total Ticket Income: 2 398 270 $ Other Expense: 23 983 $ Total Income: 2 374 287 $ BANFF WOLVES5 vs 5 Forward Center Left Wing Right Wing Time % Phy DF OF 1 Joel Eriksson Ek Mats Zuccarello Brad Marchand 36 0 1 4 2 Elias Lindholm Roope Hintz J.T. Compher 34 0 1 4 3 Adam Henrique Jason Dickinson Drake Batherson 25 0 2 3 4 Casey Cizikas Dawson Mercer Valtteri Puustinen 5 0 5 0 5 vs 5 Defense Defense Defense Time % Phy DF OF 1 Nick Leddy Roman Josi 40 0 2 3 2 Quinton Hughes Miro Heiskanen 34 0 2 3 3 Mark Giordano Ian Cole 16 0 3 2 4 Roman Josi Quinton Hughes 10 0 2 3 PowerPlay Forward Center Left Wing Right Wing Time % Phy DF OF 1 Joel Eriksson Ek Adam Henrique Brad Marchand 55 0 1 4 2 Elias Lindholm Roope Hintz Mats Zuccarello 45 0 1 4 PowerPlay Defense Defense Defense Time % Phy DF OF 1 Nick Leddy Quinton Hughes 55 0 1 4 2 Drake Batherson Roman Josi 45 0 1 4 Penalty Kill 4 Players Forward Center Wing Time % Phy DF OF 1 Adam Henrique J.T. Compher 55 1 2 2 2 Jason Dickinson Casey Cizikas 45 1 2 2 Penalty Kill 4 Players Defense Defense Defense Time % Phy DF OF 1 Nick Leddy Roman Josi 55 1 2 2 2 Quinton Hughes Ian Cole 45 1 2 2 Penalty Kill - 3 Players Forward Forward Time % Phy DF OF 1 J.T. Compher 55 1 2 2 2 Jason Dickinson 45 1 2 2 Penalty Kill - 3 Players Defense Defense Defense Time % Phy DF OF 1 Quinton Hughes Nick Leddy 55 1 2 2 2 Roman Josi Ian Cole 45 1 2 2 4 vs 4 Forward Center Wing Time % Phy DF OF 1 Joel Eriksson Ek Mats Zuccarello 55 1 2 2 2 Elias Lindholm Adam Henrique 45 1 2 2 4 vs 4 Defense Defense Defense Time % Phy DF OF 1 Roman Josi Quinton Hughes 55 1 2 2 2 Nick Leddy Ian Cole 45 1 2 2 Last Minutes Offensive Center Left Wing Right Wing Defense Defense Joel Eriksson Ek Brad Marchand Drake Batherson Roman Josi Quinton Hughes Last Minutes Defensive Center Left Wing Right Wing Defense Defense Joel Eriksson Ek Mats Zuccarello J.T. Compher Miro Heiskanen Nick Leddy Goaltenders Starting : Joey Daccord Backup : Connor Hellebuyck Extra Forwards Normal : Joel Eriksson Ek, Mats Zuccarello, Elias Lindholm - PP : Joel Eriksson Ek, Mats Zuccarello - PK : Mats Zuccarello Extra Defensemen Normal : Quinton Hughes, Nick Leddy, Roman Josi - PP : Roman Josi - PK : Nick Leddy, Roman Josi Penalty Shots Drake Batherson, Mats Zuccarello, Roope Hintz, Brad Marchand, Joel Eriksson Ek Custom OT Lines Forwards Mats Zuccarello, Joel Eriksson Ek, J.T. Compher, Elias Lindholm, Brad Marchand, Adam Henrique, Drake Batherson, Roope Hintz, Jason Dickinson, Casey Cizikas Custom OT Lines Defensemen Roman Josi, Miro Heiskanen, Nick Leddy, Quinton Hughes, Ian Cole Scratches Simon Benoit (Healthy) SACRAMENTO BANDITS5 vs 5 Forward Center Left Wing Right Wing Time % Phy DF OF 1 Blake Wheeler Josh Anderson Corey Perry 36 1 2 2 2 Anthony Beauvillier Jakob Silfverberg Dominik Kubalik 31 1 2 2 3 Adam Gaudette Matthew Knies Danil Gushchin 23 1 2 2 4 Fredrik Karlstrom Drake Caggiula Julien Gauthier 10 1 2 2 5 vs 5 Defense Defense Defense Time % Phy DF OF 1 Zach Bogosian Luke Schenn 36 1 2 2 2 Antti Tuomisto William Wallinder 31 1 2 2 3 Radim Simek Reilly Walsh 23 1 2 2 4 Zach Bogosian Luke Schenn 10 1 2 2 PowerPlay Forward Center Left Wing Right Wing Time % Phy DF OF 1 Blake Wheeler Josh Anderson Corey Perry 55 1 2 2 2 Anthony Beauvillier Jakob Silfverberg Dominik Kubalik 45 1 2 2 PowerPlay Defense Defense Defense Time % Phy DF OF 1 Zach Bogosian Luke Schenn 55 1 2 2 2 Antti Tuomisto William Wallinder 45 1 2 2 Penalty Kill 4 Players Forward Center Wing Time % Phy DF OF 1 Blake Wheeler Corey Perry 55 1 2 2 2 Josh Anderson Jakob Silfverberg 45 1 2 2 Penalty Kill 4 Players Defense Defense Defense Time % Phy DF OF 1 Zach Bogosian Luke Schenn 55 1 2 2 2 Antti Tuomisto William Wallinder 45 1 2 2 Penalty Kill - 3 Players Forward Forward Time % Phy DF OF 1 Blake Wheeler 55 1 2 2 2 Corey Perry 45 1 2 2 Penalty Kill - 3 Players Defense Defense Defense Time % Phy DF OF 1 Zach Bogosian Luke Schenn 55 1 2 2 2 Antti Tuomisto William Wallinder 45 1 2 2 4 vs 4 Forward Center Wing Time % Phy DF OF 1 Blake Wheeler Corey Perry 55 1 2 2 2 Josh Anderson Jakob Silfverberg 45 1 2 2 4 vs 4 Defense Defense Defense Time % Phy DF OF 1 Zach Bogosian Luke Schenn 55 1 2 2 2 Antti Tuomisto William Wallinder 45 1 2 2 Last Minutes Offensive Center Left Wing Right Wing Defense Defense Blake Wheeler Josh Anderson Corey Perry Zach Bogosian Luke Schenn Last Minutes Defensive Center Left Wing Right Wing Defense Defense Blake Wheeler Josh Anderson Corey Perry Zach Bogosian Luke Schenn Goaltenders Starting : Louis Domingue Backup : Daniel Vladar Extra Forwards Normal : Matthew Knies, Adam Gaudette, Fredrik Karlstrom - PP : Matthew Knies, Adam Gaudette - PK : Fredrik Karlstrom Extra Defensemen Normal : Radim Simek, Reilly Walsh, Antti Tuomisto - PP : Radim Simek - PK : Reilly Walsh, Antti Tuomisto Penalty Shots Blake Wheeler, Corey Perry, Josh Anderson, Jakob Silfverberg, Anthony Beauvillier Custom OT Lines Forwards Blake Wheeler, Corey Perry, Josh Anderson, Jakob Silfverberg, Anthony Beauvillier, Matthew Knies, Dominik Kubalik, Adam Gaudette, Fredrik Karlstrom, Danil Gushchin Custom OT Lines Defensemen Zach Bogosian, Luke Schenn, Antti Tuomisto, William Wallinder, Radim Simek Scratches Anthony DeAngelo (Severed Right Wrist Tendon Injury), Dillon Dube (Groin Injury), Max Pacioretty (Healthy), Kiefer Sherwood (Healthy), Klim Kostin (Back Surgery Injury) Simon Edvinsson (Back Surgery Injury), Matthew Murray (Healthy)
Play-by-Play1st period0:01 of 1st period - Blake Wheeler wins face-off versus Joel Eriksson Ek in neutral zone. 0:11 of 1st period - Minor Penalty to Josh Anderson for Roughing. 0:12 of 1st period - Joel Eriksson Ek wins face-off versus Blake Wheeler in SACRAMENTO BANDITS zone. 0:21 of 1st period - Shot by Brad Marchand. 0:21 of 1st period - Shot Blocked by Antti Tuomisto. 0:23 of 1st period - Shot by Adam Henrique. 0:23 of 1st period - Stopped by Louis Domingue without a rebound. 0:24 of 1st period - Elias Lindholm wins face-off versus Fredrik Karlstrom in SACRAMENTO BANDITS zone. 1:07 of 1st period - Shot by Drake Batherson. 1:07 of 1st period - Deflect By Mats Zuccarello. 1:07 of 1st period - Shot Misses the Net. 1:11 of 1st period - Shot by Roope Hintz. 1:11 of 1st period - Stopped by Louis Domingue without a rebound. 1:12 of 1st period - Blake Wheeler wins face-off versus Joel Eriksson Ek in SACRAMENTO BANDITS zone. 1:27 of 1st period - Shot by Quinton Hughes. 1:27 of 1st period - Goal by Quinton Hughes - BANFF WOLVES : 1 - SACRAMENTO BANDITS : 0. 1:28 of 1st period - Casey Cizikas wins face-off versus Adam Gaudette in neutral zone. 2:23 of 1st period - Shot by J.T. Compher. 2:23 of 1st period - Stopped by Louis Domingue without a rebound. 2:24 of 1st period - Elias Lindholm wins face-off versus Anthony Beauvillier in SACRAMENTO BANDITS zone. 2:39 of 1st period - Shot by Elias Lindholm. 2:39 of 1st period - Shot Misses the Net. 2:50 of 1st period - Shot by Roman Josi. 2:50 of 1st period - Stopped by Louis Domingue without a rebound. 2:51 of 1st period - Blake Wheeler wins face-off versus Brad Marchand in SACRAMENTO BANDITS zone. 2:51 of 1st period - Blake Wheeler is hit by Joel Eriksson Ek. 3:09 of 1st period - Shot by Brad Marchand. 3:09 of 1st period - Stopped by Louis Domingue without a rebound. 3:10 of 1st period - Adam Henrique wins face-off versus Fredrik Karlstrom in SACRAMENTO BANDITS zone. 3:19 of 1st period - Shot by Roman Josi. 3:19 of 1st period - Shot Misses the Net. 3:21 of 1st period - Shot by Adam Henrique. 3:21 of 1st period - Shot Misses the Net. 3:31 of 1st period - Shot by Adam Henrique. 3:31 of 1st period - Stopped by Louis Domingue without a rebound. 3:32 of 1st period - Joel Eriksson Ek wins face-off versus Blake Wheeler in SACRAMENTO BANDITS zone. 4:01 of 1st period - Shot by Corey Perry. 4:01 of 1st period - Stopped by Joey Daccord without a rebound. 4:02 of 1st period - Anthony Beauvillier wins face-off versus Elias Lindholm in BANFF WOLVES zone. 4:03 of 1st period - Shot by Jakob Silfverberg. 4:03 of 1st period - Stopped by Joey Daccord with a rebound. 4:05 of 1st period - Shot by Jakob Silfverberg. 4:05 of 1st period - Shot Misses the Net. 4:07 of 1st period - Shot by Anthony Beauvillier. 4:07 of 1st period - Stopped by Joey Daccord with a rebound. 4:09 of 1st period - Shot by Jakob Silfverberg. 4:09 of 1st period - Stopped by Joey Daccord without a rebound. 4:10 of 1st period - Elias Lindholm wins face-off versus Anthony Beauvillier in BANFF WOLVES zone. 5:51 of 1st period - Icing by Danil Gushchin. 5:52 of 1st period - Joel Eriksson Ek wins face-off versus Adam Gaudette in SACRAMENTO BANDITS zone. 6:23 of 1st period - Shot by Brad Marchand. 6:23 of 1st period - Stopped by Louis Domingue without a rebound. 6:24 of 1st period - Anthony Beauvillier wins face-off versus Adam Henrique in SACRAMENTO BANDITS zone. 6:39 of 1st period - Shot by Anthony Beauvillier. 6:39 of 1st period - Shot Misses the Net. 6:47 of 1st period - Shot by Adam Henrique. 6:47 of 1st period - Stopped by Louis Domingue without a rebound. 6:48 of 1st period - Blake Wheeler wins face-off versus Joel Eriksson Ek in SACRAMENTO BANDITS zone. 6:48 of 1st period - Blake Wheeler is hit by Joel Eriksson Ek. 7:08 of 1st period - Shot by Mats Zuccarello. 7:08 of 1st period - Shot Blocked by Luke Schenn. 7:10 of 1st period - Shot by Joel Eriksson Ek. 7:10 of 1st period - Stopped by Louis Domingue without a rebound. 7:11 of 1st period - Adam Henrique wins face-off versus Anthony Beauvillier in SACRAMENTO BANDITS zone. 7:11 of 1st period - Adam Henrique is hit by Antti Tuomisto. 7:15 of 1st period - Shot by Jason Dickinson. 7:15 of 1st period - Shot Misses the Net. 7:37 of 1st period - Shot by Drake Batherson. 7:37 of 1st period - Shot Misses the Net. 7:39 of 1st period - Shot by Adam Henrique. 7:39 of 1st period - Stopped by Louis Domingue without a rebound. 7:40 of 1st period - Joel Eriksson Ek wins face-off versus Blake Wheeler in SACRAMENTO BANDITS zone. 8:00 of 1st period - Shot by Corey Perry. 8:00 of 1st period - Stopped by Joey Daccord without a rebound. 8:01 of 1st period - Fredrik Karlstrom wins face-off versus Adam Henrique in BANFF WOLVES zone. 9:33 of 1st period - Shot by Josh Anderson. 9:33 of 1st period - Stopped by Joey Daccord with a rebound. 10:12 of 1st period - Shot by Elias Lindholm. 10:12 of 1st period - Stopped by Louis Domingue without a rebound. 10:13 of 1st period - Adam Gaudette wins face-off versus Elias Lindholm in SACRAMENTO BANDITS zone. 10:13 of 1st period - Adam Gaudette is hit by Elias Lindholm. 10:20 of 1st period - Off-side. 10:21 of 1st period - Elias Lindholm wins face-off versus Adam Gaudette in neutral zone. 10:28 of 1st period - Off-side. 10:29 of 1st period - Elias Lindholm wins face-off versus Anthony Beauvillier in neutral zone. 10:34 of 1st period - Shot by Roope Hintz. 10:34 of 1st period - Shot Blocked by William Wallinder. 10:36 of 1st period - Shot by Elias Lindholm. 10:36 of 1st period - Stopped by Louis Domingue with a rebound. 10:48 of 1st period - Elias Lindholm is hit by William Wallinder and loses puck. 11:26 of 1st period - Minor Penalty to Antti Tuomisto for Hooking. 11:27 of 1st period - Joel Eriksson Ek wins face-off versus Blake Wheeler in SACRAMENTO BANDITS zone. 11:44 of 1st period - Shot by Joel Eriksson Ek. 11:44 of 1st period - Stopped by Louis Domingue without a rebound. 11:45 of 1st period - Joel Eriksson Ek wins face-off versus Blake Wheeler in SACRAMENTO BANDITS zone. 12:18 of 1st period - Shot by Drake Batherson. 12:18 of 1st period - Shot Misses the Net. 12:20 of 1st period - Shot by Joel Eriksson Ek. 12:20 of 1st period - Shot Blocked by Josh Anderson. 12:24 of 1st period - Shot by Roman Josi. 12:24 of 1st period - Shot Misses the Net. 12:58 of 1st period - Shot by Mats Zuccarello. 12:58 of 1st period - Stopped by Louis Domingue with a rebound. 13:02 of 1st period - Shot by Elias Lindholm. 13:02 of 1st period - Shot Misses the Net. 13:22 of 1st period - Shot by Roman Josi. 13:22 of 1st period - Stopped by Louis Domingue without a rebound. 13:23 of 1st period - Josh Anderson wins face-off versus Joel Eriksson Ek in SACRAMENTO BANDITS zone. 13:42 of 1st period - Icing by Danil Gushchin. 13:43 of 1st period - Adam Gaudette wins face-off versus Adam Henrique in SACRAMENTO BANDITS zone. 13:47 of 1st period - Off-side. 13:48 of 1st period - Fredrik Karlstrom wins face-off versus Joel Eriksson Ek in neutral zone. 13:58 of 1st period - Shot by Joel Eriksson Ek. 13:58 of 1st period - Shot Misses the Net. 14:00 of 1st period - Shot by Ian Cole. 14:00 of 1st period - Shot Misses the Net. 14:30 of 1st period - Shot by Mats Zuccarello. 14:30 of 1st period - Stopped by Louis Domingue without a rebound. 14:31 of 1st period - Blake Wheeler wins face-off versus Adam Henrique in SACRAMENTO BANDITS zone. 15:02 of 1st period - Corey Perry is hit by Jason Dickinson and loses puck. 15:32 of 1st period - Minor Penalty to Zach Bogosian for High sticking. 15:33 of 1st period - Fredrik Karlstrom wins face-off versus Elias Lindholm in SACRAMENTO BANDITS zone. 16:27 of 1st period - Shot by Drake Batherson. 16:27 of 1st period - Stopped by Louis Domingue without a rebound. 16:28 of 1st period - Joel Eriksson Ek wins face-off versus Josh Anderson in SACRAMENTO BANDITS zone. 16:40 of 1st period - Joel Eriksson Ek is hit by Luke Schenn and loses puck. 17:01 of 1st period - Shot by Joel Eriksson Ek. 17:01 of 1st period - Stopped by Louis Domingue without a rebound. 17:02 of 1st period - Mats Zuccarello wins face-off versus Josh Anderson in SACRAMENTO BANDITS zone. 17:37 of 1st period - Shot by Dawson Mercer. 17:37 of 1st period - Shot Misses the Net. 17:42 of 1st period - Icing by Matthew Knies. 17:43 of 1st period - Casey Cizikas wins face-off versus Adam Gaudette in SACRAMENTO BANDITS zone. 17:58 of 1st period - Icing by Matthew Knies. 17:59 of 1st period - Elias Lindholm wins face-off versus Adam Gaudette in SACRAMENTO BANDITS zone. 18:08 of 1st period - Shot by Roope Hintz. 18:08 of 1st period - Stopped by Louis Domingue without a rebound. 18:09 of 1st period - Joel Eriksson Ek wins face-off versus Anthony Beauvillier in SACRAMENTO BANDITS zone. 18:16 of 1st period - Dominik Kubalik is hit by Brad Marchand and loses puck. 18:31 of 1st period - Brad Marchand is hit by Antti Tuomisto. 19:03 of 1st period - Icing by Miro Heiskanen. 19:04 of 1st period - Blake Wheeler wins face-off versus Joel Eriksson Ek in BANFF WOLVES zone. 19:13 of 1st period - Shot by Corey Perry. 19:13 of 1st period - Stopped by Joey Daccord without a rebound. 19:14 of 1st period - Elias Lindholm wins face-off versus Adam Gaudette in BANFF WOLVES zone. 19:14 of 1st period - Elias Lindholm is hit by Matthew Knies. 19:37 of 1st period - J.T. Compher is hit by Luke Schenn and loses puck. 19:44 of 1st period - Shot by J.T. Compher. 19:44 of 1st period - Shot Misses the Net. Goals for this period are 1 for BANFF WOLVES vs 0 for SACRAMENTO BANDITS. Shots for this period are 20 for BANFF WOLVES vs 7 for SACRAMENTO BANDITS. 2nd period0:01 of 2nd period - Elias Lindholm wins face-off versus Blake Wheeler in neutral zone. 0:27 of 2nd period - Josh Anderson is hit by Roman Josi and loses puck. 0:38 of 2nd period - Shot by Corey Perry. 0:38 of 2nd period - Shot Blocked by Elias Lindholm. 1:21 of 2nd period - Shot by Anthony Beauvillier. 1:21 of 2nd period - Stopped by Joey Daccord with a rebound. 1:23 of 2nd period - Shot by Anthony Beauvillier. 1:23 of 2nd period - Shot Misses the Net. 1:53 of 2nd period - Shot by Matthew Knies. 1:53 of 2nd period - Stopped by Joey Daccord without a rebound. 1:54 of 2nd period - Fredrik Karlstrom wins face-off versus Adam Henrique in BANFF WOLVES zone. 2:03 of 2nd period - Shot by Julien Gauthier. 2:03 of 2nd period - Stopped by Joey Daccord without a rebound. 2:04 of 2nd period - Elias Lindholm wins face-off versus Blake Wheeler in BANFF WOLVES zone. 2:04 of 2nd period - Elias Lindholm is hit by Corey Perry. 2:07 of 2nd period - J.T. Compher is hit by Josh Anderson and loses puck. 2:50 of 2nd period - Minor Penalty to Antti Tuomisto for Interference. 2:51 of 2nd period - Brad Marchand wins face-off versus Josh Anderson in SACRAMENTO BANDITS zone. 3:00 of 2nd period - Minor Penalty to Luke Schenn for Hooking. 3:01 of 2nd period - Blake Wheeler wins face-off versus Joel Eriksson Ek in SACRAMENTO BANDITS zone. 4:17 of 2nd period - Shot by Quinton Hughes. 4:17 of 2nd period - Goal by Quinton Hughes - BANFF WOLVES : 2 - SACRAMENTO BANDITS : 0. 4:18 of 2nd period - Elias Lindholm wins face-off versus Josh Anderson in neutral zone. 4:29 of 2nd period - Shot by Quinton Hughes. 4:29 of 2nd period - Stopped by Louis Domingue without a rebound. 4:30 of 2nd period - Joel Eriksson Ek wins face-off versus Corey Perry in SACRAMENTO BANDITS zone. 4:37 of 2nd period - Shot by Joel Eriksson Ek. 4:37 of 2nd period - Shot Misses the Net. 4:57 of 2nd period - Shot by Joel Eriksson Ek. 4:57 of 2nd period - Shot Blocked by Corey Perry. 4:59 of 2nd period - Shot by Nick Leddy. 4:59 of 2nd period - Deflect By Joel Eriksson Ek. 4:59 of 2nd period - Goal by Joel Eriksson Ek - BANFF WOLVES : 3 - SACRAMENTO BANDITS : 0. 5:00 of 2nd period - Elias Lindholm wins face-off versus Anthony Beauvillier in neutral zone. 5:27 of 2nd period - Shot by J.T. Compher. 5:27 of 2nd period - Stopped by Louis Domingue without a rebound. 5:28 of 2nd period - Casey Cizikas wins face-off versus Adam Gaudette in SACRAMENTO BANDITS zone. 5:28 of 2nd period - Casey Cizikas is hit by Antti Tuomisto. 6:19 of 2nd period - Icing by Danil Gushchin. 6:20 of 2nd period - Joel Eriksson Ek wins face-off versus Matthew Knies in SACRAMENTO BANDITS zone. 6:45 of 2nd period - Shot by Mats Zuccarello. 6:45 of 2nd period - Stopped by Louis Domingue without a rebound. 6:46 of 2nd period - Adam Henrique wins face-off versus Blake Wheeler in SACRAMENTO BANDITS zone. 6:55 of 2nd period - Shot by Drake Batherson. 6:55 of 2nd period - Shot Misses the Net. 7:01 of 2nd period - Shot by Jason Dickinson. 7:01 of 2nd period - Stopped by Louis Domingue without a rebound. 7:02 of 2nd period - Joel Eriksson Ek wins face-off versus Anthony Beauvillier in SACRAMENTO BANDITS zone. 7:07 of 2nd period - Shot by Joel Eriksson Ek. 7:07 of 2nd period - Goal by Joel Eriksson Ek - BANFF WOLVES : 4 - SACRAMENTO BANDITS : 0. 7:08 of 2nd period - Jason Dickinson wins face-off versus Blake Wheeler in neutral zone. 7:35 of 2nd period - Adam Henrique is hit by Josh Anderson. 7:36 of 2nd period - Icing by Adam Henrique. 7:37 of 2nd period - Anthony Beauvillier wins face-off versus Adam Henrique in BANFF WOLVES zone. 8:00 of 2nd period - Shot by Adam Henrique. 8:00 of 2nd period - Stopped by Louis Domingue without a rebound. 8:01 of 2nd period - Joel Eriksson Ek wins face-off versus Adam Gaudette in SACRAMENTO BANDITS zone. 8:04 of 2nd period - Shot by Joel Eriksson Ek. 8:04 of 2nd period - Shot Misses the Net. 8:06 of 2nd period - Shot by Joel Eriksson Ek. 8:06 of 2nd period - Goal by Joel Eriksson Ek - BANFF WOLVES : 5 - SACRAMENTO BANDITS : 0. 8:06 of 2nd period - Daniel Vladar enters game. 8:07 of 2nd period - Blake Wheeler wins face-off versus Joel Eriksson Ek in neutral zone. 8:27 of 2nd period - Shot by Josh Anderson. 8:27 of 2nd period - Stopped by Joey Daccord without a rebound. 8:28 of 2nd period - Anthony Beauvillier wins face-off versus Elias Lindholm in BANFF WOLVES zone. 9:03 of 2nd period - Shot by Jakob Silfverberg. 9:03 of 2nd period - Shot Blocked by Nick Leddy. 9:27 of 2nd period - Jakob Silfverberg is hit by Brad Marchand and loses puck. 9:46 of 2nd period - Shot by Brad Marchand. 9:46 of 2nd period - Stopped by Daniel Vladar without a rebound. 9:47 of 2nd period - Adam Henrique wins face-off versus Blake Wheeler in SACRAMENTO BANDITS zone. 9:47 of 2nd period - Jason Dickinson is hit by Luke Schenn and loses puck. 10:01 of 2nd period - Minor Penalty to Luke Schenn for Interference. 10:02 of 2nd period - Joel Eriksson Ek wins face-off versus Blake Wheeler in SACRAMENTO BANDITS zone. 10:16 of 2nd period - Icing by Nick Leddy. 10:17 of 2nd period - Joel Eriksson Ek wins face-off versus Blake Wheeler in BANFF WOLVES zone. 10:49 of 2nd period - Shot by Quinton Hughes. 10:49 of 2nd period - Deflect By Adam Henrique. 10:49 of 2nd period - Stopped by Daniel Vladar without a rebound. 10:50 of 2nd period - Elias Lindholm wins face-off versus Josh Anderson in SACRAMENTO BANDITS zone. 11:50 of 2nd period - Icing by Quinton Hughes. 11:51 of 2nd period - Brad Marchand wins face-off versus Josh Anderson in BANFF WOLVES zone. 12:06 of 2nd period - Shot by Dawson Mercer. 12:06 of 2nd period - Shot Blocked by Danil Gushchin. 12:14 of 2nd period - Shot by Casey Cizikas. 12:14 of 2nd period - Stopped by Daniel Vladar without a rebound. 12:15 of 2nd period - Fredrik Karlstrom wins face-off versus Jason Dickinson in SACRAMENTO BANDITS zone. 12:50 of 2nd period - Shot by Drake Batherson. 12:50 of 2nd period - Goal by Drake Batherson - BANFF WOLVES : 6 - SACRAMENTO BANDITS : 0. 12:51 of 2nd period - Joel Eriksson Ek wins face-off versus Anthony Beauvillier in neutral zone. 12:58 of 2nd period - Shot by Mats Zuccarello. 12:58 of 2nd period - Stopped by Daniel Vladar without a rebound. 12:59 of 2nd period - Joel Eriksson Ek wins face-off versus Blake Wheeler in SACRAMENTO BANDITS zone. 13:19 of 2nd period - Shot by Josh Anderson. 13:19 of 2nd period - Stopped by Joey Daccord without a rebound. 13:20 of 2nd period - Elias Lindholm wins face-off versus Anthony Beauvillier in BANFF WOLVES zone. 13:33 of 2nd period - Shot by Roope Hintz. 13:33 of 2nd period - Stopped by Daniel Vladar with a rebound. 13:35 of 2nd period - Shot by Miro Heiskanen. 13:35 of 2nd period - Shot Misses the Net. 13:37 of 2nd period - Shot by Roope Hintz. 13:37 of 2nd period - Goal by Roope Hintz - BANFF WOLVES : 7 - SACRAMENTO BANDITS : 0. 13:38 of 2nd period - Joel Eriksson Ek wins face-off versus Blake Wheeler in neutral zone. 13:44 of 2nd period - Shot by Joel Eriksson Ek. 13:44 of 2nd period - Stopped by Daniel Vladar without a rebound. 13:45 of 2nd period - Joel Eriksson Ek wins face-off versus Blake Wheeler in SACRAMENTO BANDITS zone. 13:51 of 2nd period - Joel Eriksson Ek is hit by Zach Bogosian. 14:47 of 2nd period - Shot by Elias Lindholm. 14:47 of 2nd period - Shot Blocked by Luke Schenn. 14:49 of 2nd period - Shot by Elias Lindholm. 14:49 of 2nd period - Stopped by Daniel Vladar without a rebound. 14:50 of 2nd period - Elias Lindholm wins face-off versus Anthony Beauvillier in SACRAMENTO BANDITS zone. 15:24 of 2nd period - Shot by Jakob Silfverberg. 15:24 of 2nd period - Shot Misses the Net. 15:26 of 2nd period - Shot by Dominik Kubalik. 15:26 of 2nd period - Stopped by Joey Daccord without a rebound. 15:27 of 2nd period - Adam Gaudette wins face-off versus Adam Henrique in BANFF WOLVES zone. 15:48 of 2nd period - Shot by Danil Gushchin. 15:48 of 2nd period - Stopped by Joey Daccord without a rebound. 15:49 of 2nd period - Fredrik Karlstrom wins face-off versus Joel Eriksson Ek in BANFF WOLVES zone. 15:53 of 2nd period - Icing by Nick Leddy. 15:54 of 2nd period - Joel Eriksson Ek wins face-off versus Fredrik Karlstrom in BANFF WOLVES zone. 16:13 of 2nd period - Shot by Joel Eriksson Ek. 16:13 of 2nd period - Stopped by Daniel Vladar without a rebound. 16:14 of 2nd period - Elias Lindholm wins face-off versus Blake Wheeler in SACRAMENTO BANDITS zone. 16:17 of 2nd period - Shot by Quinton Hughes. 16:17 of 2nd period - Shot Misses the Net. 16:19 of 2nd period - Shot by Quinton Hughes. 16:19 of 2nd period - Stopped by Daniel Vladar without a rebound. 16:20 of 2nd period - Blake Wheeler wins face-off versus Brad Marchand in SACRAMENTO BANDITS zone. 16:20 of 2nd period - Blake Wheeler is hit by Joel Eriksson Ek. 16:25 of 2nd period - Josh Anderson is hit by Joel Eriksson Ek and loses puck. 16:29 of 2nd period - Luke Schenn is hit by Nick Leddy and loses puck. 17:36 of 2nd period - Icing by Antti Tuomisto. 17:37 of 2nd period - Adam Henrique wins face-off versus Anthony Beauvillier in SACRAMENTO BANDITS zone. 17:42 of 2nd period - Shot by Drake Batherson. 17:42 of 2nd period - Shot Blocked by Anthony Beauvillier. 18:06 of 2nd period - Shot by Jakob Silfverberg. 18:06 of 2nd period - Shot Misses the Net. 18:08 of 2nd period - Shot by Anthony Beauvillier. 18:08 of 2nd period - Shot Blocked by Jason Dickinson. 18:10 of 2nd period - Shot by William Wallinder. 18:10 of 2nd period - Shot Misses the Net. 18:12 of 2nd period - Shot by Anthony Beauvillier. 18:12 of 2nd period - Shot Misses the Net. 18:14 of 2nd period - Shot by Anthony Beauvillier. 18:14 of 2nd period - Goal by Anthony Beauvillier - BANFF WOLVES : 7 - SACRAMENTO BANDITS : 1. 18:15 of 2nd period - Adam Gaudette wins face-off versus J.T. Compher in neutral zone. 18:20 of 2nd period - Shot by Danil Gushchin. 18:20 of 2nd period - Shot Blocked by Miro Heiskanen. 18:44 of 2nd period - Shot by Miro Heiskanen. 18:44 of 2nd period - Stopped by Daniel Vladar without a rebound. 18:45 of 2nd period - Joel Eriksson Ek wins face-off versus Fredrik Karlstrom in SACRAMENTO BANDITS zone. 19:24 of 2nd period - Shot by Mats Zuccarello. 19:24 of 2nd period - Shot Misses the Net. 19:26 of 2nd period - Shot by Mats Zuccarello. 19:26 of 2nd period - Stopped by Daniel Vladar without a rebound. 19:27 of 2nd period - Blake Wheeler wins face-off versus Elias Lindholm in SACRAMENTO BANDITS zone. Goals for this period are 6 for BANFF WOLVES vs 1 for SACRAMENTO BANDITS. Shots for this period are 22 for BANFF WOLVES vs 8 for SACRAMENTO BANDITS. 3rd period0:01 of 3rd period - Blake Wheeler wins face-off versus Adam Henrique in neutral zone. 0:13 of 3rd period - Josh Anderson is hit by Roman Josi and loses puck. 0:20 of 3rd period - Shot by Roman Josi. 0:20 of 3rd period - Shot Misses the Net. 0:42 of 3rd period - Shot by Jason Dickinson. 0:42 of 3rd period - Stopped by Daniel Vladar without a rebound. 0:43 of 3rd period - Elias Lindholm wins face-off versus Anthony Beauvillier in SACRAMENTO BANDITS zone. 1:54 of 3rd period - Shot by Brad Marchand. 1:54 of 3rd period - Stopped by Daniel Vladar with a rebound. 1:58 of 3rd period - Shot by Mats Zuccarello. 1:58 of 3rd period - Deflect By Joel Eriksson Ek. 1:58 of 3rd period - Stopped by Daniel Vladar without a rebound. 1:59 of 3rd period - Adam Henrique wins face-off versus Blake Wheeler in SACRAMENTO BANDITS zone. 1:59 of 3rd period - Roman Josi is hit by Zach Bogosian and loses puck. 2:22 of 3rd period - Adam Henrique is hit by Luke Schenn and loses puck. 2:52 of 3rd period - Icing by Zach Bogosian. 2:53 of 3rd period - Blake Wheeler wins face-off versus Joel Eriksson Ek in SACRAMENTO BANDITS zone. 4:23 of 3rd period - Shot by Roope Hintz. 4:23 of 3rd period - Shot Misses the Net. 4:51 of 3rd period - Shot by Elias Lindholm. 4:51 of 3rd period - Shot Misses the Net. 5:09 of 3rd period - Shot by Jason Dickinson. 5:09 of 3rd period - Shot Blocked by Julien Gauthier. 5:35 of 3rd period - Shot by Adam Henrique. 5:35 of 3rd period - Stopped by Daniel Vladar with a rebound. 5:37 of 3rd period - Shot by Jason Dickinson. 5:37 of 3rd period - Stopped by Daniel Vladar without a rebound. 5:38 of 3rd period - Casey Cizikas wins face-off versus Blake Wheeler in SACRAMENTO BANDITS zone. 5:38 of 3rd period - Minor Penalty to Luke Schenn for Hooking. 5:39 of 3rd period - Elias Lindholm wins face-off versus Blake Wheeler in SACRAMENTO BANDITS zone. 6:50 of 3rd period - Shot by Roman Josi. 6:50 of 3rd period - Shot Blocked by Radim Simek. 6:52 of 3rd period - Shot by Brad Marchand. 6:52 of 3rd period - Shot Misses the Net. 6:54 of 3rd period - Shot by Roman Josi. 6:54 of 3rd period - Stopped by Daniel Vladar without a rebound. 6:55 of 3rd period - Joel Eriksson Ek wins face-off versus Josh Anderson in SACRAMENTO BANDITS zone. 7:37 of 3rd period - Icing by Elias Lindholm. 7:38 of 3rd period - Casey Cizikas wins face-off versus Adam Gaudette in BANFF WOLVES zone. 8:31 of 3rd period - Shot by J.T. Compher. 8:31 of 3rd period - Stopped by Daniel Vladar without a rebound. 8:32 of 3rd period - Joel Eriksson Ek wins face-off versus Fredrik Karlstrom in SACRAMENTO BANDITS zone. 9:36 of 3rd period - Shot by Miro Heiskanen. 9:36 of 3rd period - Shot Blocked by Luke Schenn. 9:38 of 3rd period - Shot by J.T. Compher. 9:38 of 3rd period - Goal by J.T. Compher - BANFF WOLVES : 8 - SACRAMENTO BANDITS : 1. 9:39 of 3rd period - Adam Henrique wins face-off versus Blake Wheeler in neutral zone. 9:55 of 3rd period - Icing by Radim Simek. 9:56 of 3rd period - Elias Lindholm wins face-off versus Blake Wheeler in SACRAMENTO BANDITS zone. 9:59 of 3rd period - Shot by J.T. Compher. 9:59 of 3rd period - Shot Blocked by Blake Wheeler. 10:03 of 3rd period - Shot by Elias Lindholm. 10:03 of 3rd period - Stopped by Daniel Vladar with a rebound. 10:15 of 3rd period - Shot by Elias Lindholm. 10:15 of 3rd period - Shot Misses the Net. 10:17 of 3rd period - Shot by Miro Heiskanen. 10:17 of 3rd period - Shot Blocked by Radim Simek. 10:19 of 3rd period - Shot by J.T. Compher. 10:19 of 3rd period - Stopped by Daniel Vladar without a rebound. 10:20 of 3rd period - Anthony Beauvillier wins face-off versus Brad Marchand in SACRAMENTO BANDITS zone. 11:01 of 3rd period - Shot by Mats Zuccarello. 11:01 of 3rd period - Stopped by Daniel Vladar with a rebound. 11:03 of 3rd period - Shot by Roman Josi. 11:03 of 3rd period - Stopped by Daniel Vladar with a rebound. 11:52 of 3rd period - Shot by Roope Hintz. 11:52 of 3rd period - Deflect By J.T. Compher. 11:52 of 3rd period - Shot Misses the Net. 11:54 of 3rd period - Shot by Quinton Hughes. 11:54 of 3rd period - Stopped by Daniel Vladar without a rebound. 11:55 of 3rd period - Adam Henrique wins face-off versus Matthew Knies in SACRAMENTO BANDITS zone. 11:55 of 3rd period - Adam Henrique is hit by Luke Schenn. 11:59 of 3rd period - Shot by Jason Dickinson. 11:59 of 3rd period - Shot Misses the Net. 12:19 of 3rd period - Shot by Adam Henrique. 12:19 of 3rd period - Stopped by Daniel Vladar with a rebound. 12:33 of 3rd period - Shot by Matthew Knies. 12:33 of 3rd period - Shot Blocked by Mark Giordano. 12:48 of 3rd period - Minor Penalty to Mark Giordano for Slashing. 12:49 of 3rd period - Adam Henrique wins face-off versus Corey Perry in BANFF WOLVES zone. 13:17 of 3rd period - Shot by Blake Wheeler. 13:17 of 3rd period - Shot Misses the Net. 13:24 of 3rd period - Icing by Corey Perry. 13:25 of 3rd period - Jason Dickinson wins face-off versus Blake Wheeler in SACRAMENTO BANDITS zone. 13:30 of 3rd period - Shot by Jason Dickinson. 13:30 of 3rd period - Stopped by Daniel Vladar with a rebound. 13:37 of 3rd period - Icing by Blake Wheeler. 13:38 of 3rd period - Adam Henrique wins face-off versus Blake Wheeler in SACRAMENTO BANDITS zone. 13:42 of 3rd period - J.T. Compher is hit by William Wallinder. 13:44 of 3rd period - Shot by Adam Henrique. 13:44 of 3rd period - Shot Misses the Net. 13:54 of 3rd period - Shot by J.T. Compher. 13:54 of 3rd period - Shot Misses the Net. 13:56 of 3rd period - Shot by Nick Leddy. 13:56 of 3rd period - Shot Misses the Net. 14:15 of 3rd period - Icing by Antti Tuomisto. 14:16 of 3rd period - Blake Wheeler wins face-off versus Jason Dickinson in SACRAMENTO BANDITS zone. 15:24 of 3rd period - Icing by Mats Zuccarello. 15:25 of 3rd period - Joel Eriksson Ek wins face-off versus Adam Gaudette in BANFF WOLVES zone. 15:46 of 3rd period - Matthew Knies is hit by Joel Eriksson Ek and loses puck. 16:52 of 3rd period - Icing by Roman Josi. 16:53 of 3rd period - Elias Lindholm wins face-off versus Anthony Beauvillier in BANFF WOLVES zone. 17:14 of 3rd period - Off-side. 17:15 of 3rd period - Joel Eriksson Ek wins face-off versus Fredrik Karlstrom in neutral zone. 17:18 of 3rd period - Shot by Brad Marchand. 17:18 of 3rd period - Shot Misses the Net. 17:20 of 3rd period - Shot by Mats Zuccarello. 17:20 of 3rd period - Stopped by Daniel Vladar with a rebound. 17:22 of 3rd period - Shot by Quinton Hughes. 17:22 of 3rd period - Shot Blocked by Luke Schenn. 18:10 of 3rd period - Icing by Luke Schenn. 18:11 of 3rd period - Adam Henrique wins face-off versus Fredrik Karlstrom in SACRAMENTO BANDITS zone. 18:32 of 3rd period - Shot by Drake Batherson. 18:32 of 3rd period - Stopped by Daniel Vladar without a rebound. 18:33 of 3rd period - Roope Hintz wins face-off versus Blake Wheeler in SACRAMENTO BANDITS zone. 18:34 of 3rd period - Shot by J.T. Compher. 18:34 of 3rd period - Stopped by Daniel Vladar with a rebound. 18:46 of 3rd period - Shot by Roope Hintz. 18:46 of 3rd period - Shot Misses the Net. 18:54 of 3rd period - Elias Lindholm is hit by Antti Tuomisto and loses puck. 19:05 of 3rd period - Shot by J.T. Compher. 19:05 of 3rd period - Shot Misses the Net. 19:07 of 3rd period - Shot by Elias Lindholm. 19:07 of 3rd period - Shot Misses the Net. 19:32 of 3rd period - Josh Anderson is hit by Joel Eriksson Ek and loses puck. 19:41 of 3rd period - Shot by Mats Zuccarello. 19:41 of 3rd period - Deflect By Joel Eriksson Ek. 19:41 of 3rd period - Shot Blocked by Blake Wheeler. 19:43 of 3rd period - Shot by Joel Eriksson Ek. 19:43 of 3rd period - Shot Misses the Net. 19:47 of 3rd period - Shot by Mats Zuccarello. 19:47 of 3rd period - Shot Misses the Net. 19:59 of 3rd period - Shot by Joel Eriksson Ek. 19:59 of 3rd period - Shot Misses the Net. Goals for this period are 1 for BANFF WOLVES vs 0 for SACRAMENTO BANDITS. Shots for this period are 18 for BANFF WOLVES vs 0 for SACRAMENTO BANDITS. Back to the Top |
![]() |
![]() |
![]() |
MATTHEW TKACHUK |
TOM WILSON |
JAKE GUENTZEL |